 Dungeon Crawl Stone Soup version 0.30-b1-2-g02819fbbbe (webtiles) character file.

Game seed: 4179294908307020298

56 Arum the Shield-Bearer (level 4, -3/33 (37) HPs)
             Began as a Formicid Fighter on May 12, 2023.
             Slain by Sigmund
             ... wielding a +5 heavy scythe
              (23 damage)
             ... on level 2 of the Dungeon.
             The game lasted 00:02:11 (1186 turns).

Arum the Shield-Bearer (Formicid Fighter)           Turns: 1186, Time: 00:02:12

HP:   -3/33 (37)    AC:  7    Str: 22    XL:     4   Next: 15%
MP:   4/4           EV: 10    Int:  8    God:
Gold: 113           SH:  5    Dex: 13    Spells: 3/3 levels left

rFire   . . .        a - +0 quarterstaff
rCold   . . .        c - +0 buckler
rNeg    . . .        b - +0 scale mail
rPois   .            (helmet unavailable)
rElec   .            (no cloak)
rCorr   .            (no gloves)
SInv    +            (no boots)
Will    .....        (no amulet) Stlth
                     (no ring)
HPRegen 0.25/turn    (no ring)
MPRegen 0.09/turn

%: no passive effects
@: mighty, heavily drained
A: permanent stasis, dig shafts and tunnels, antennae 3, four strong arms
a: Dig, Shaft Self


You were on level 2 of the Dungeon.
You visited 1 branch of the dungeon, and saw 2 of its levels.

You collected 113 gold pieces.

Inventory:

Hand Weapons
 a - a +0 quarterstaff (weapon)
Armour
 b - a +0 scale mail (worn)
 c - a +0 buckler (worn)
Scrolls
 e - a scroll of poison {unknown}
 g - 2 scrolls of enchant weapon {unknown}
 h - a scroll of acquirement {unknown}
 i - 2 scrolls of identify {unknown}
 k - a scroll of enchant armour {unknown}
 n - a scroll of noise {unknown}
Potions
 d - a potion of might
 f - 2 potions of flight {unknown}
 j - a potion of haste {unknown}
 l - a potion of curing {unknown}
 m - 2 potions of heal wounds {unknown}


   Skills:
 + Level 3.9 Fighting
 + Level 2.7 Staves
 + Level 3.9 Armour
 + Level 1.0 Dodging
 - Level 4.0 Shields


You had 3 spell levels left.
You didn't know any spells.
Your spell library contained the following spells:

 Spells                   Type           Power      Damage    Failure   Level
 Lesser Beckoning         Tloc           0%         N/A       90%         2
 Momentum Strike          Conj/Tloc      0%         3d8       90%         2
 Blink                    Tloc           Unusable   N/A       N/A         2

Dungeon Overview and Level Annotations

Branches:
Dungeon (2/15)

Altars:

Shops:
D:1 [

Annotations:
D:2 Sigmund


Innate Abilities, Weirdness & Mutations

You cannot be hasted, slowed, berserked, paralysed or teleported.
You can dig through walls and to a lower floor.
You have a pair of large antennae on your head. (SInv)
Your four strong arms can wield two-handed weapons with a shield.


Message History

Sigmund flickers and vanishes for a moment.
You bump into the rock wall.
Sigmund zaps a wand.
Some rock shatters into small pieces.
You feel less confused. Sigmund gestures at you while chanting.
You resist with some effort.
Press: ? - help, v - describe, . - travel
Here: Sigmund, wielding a +5 heavy scythe, wearing a +0 robe and carrying a wand of digging (2) (slightly transparent)
The floor.
Sigmund zaps a wand.
You hear a grinding noise.
There is a stone staircase leading up here.
Sigmund gestures at you while chanting. The magic dart hits you.
Press: ? - help, v - describe, . - travel
Here: Sigmund, wielding a +5 heavy scythe, wearing a +0 robe and carrying a wand of digging (1) (slightly transparent)
The floor.
Unknown command.
Sigmund laughs darkly.
You hear a zap.
You hear a grinding noise.
Found a scroll labelled SUFFIH FIUFOF.
Press: ? - help, v - describe, . - travel
Here: Sigmund, wielding a +5 heavy scythe and wearing a +0 robe (slightly transparent)
The floor.
You extend your mandibles.
You dig through the rock wall.
You feel drained.
You dig through the rock wall.
You feel drained.
You feel very mighty all of a sudden.
You start waiting.
Sigmund is nearby!
You retract your mandibles.
You thump Sigmund!
Sigmund is heavily wounded.
Sigmund hits you with a +5 heavy scythe!
You closely miss Sigmund.
Sigmund is heavily wounded.
You barely miss Sigmund.
Sigmund is heavily wounded.
Sigmund hits you with a +5 heavy scythe!!
Ouch! That really hurt!
You die...

#............# #.........##.#
♣♣♣ #.#........... ...
#.##....####.# #.. #
#.###.#.# #?# #.. #
#.#####.####.# #.. #
#......@.....######.. #
####....#####@##.....########
#.#### #@## #.#........ #.#
### #.#.####### #.# #.#.# #@#
# #.#.## #.# #.##.†..###### #
#.# #............# #.#.#
####....####.# #..######
#...........( ##...<..##
#.#.........<


You could see Sigmund (invisible).

Vanquished Creatures
  2 adders (D:2)
  4 endoplasms
  3 giant cockroaches
  3 hobgoblins
  5 jackals (D:1)
  A quokka (D:2)
  4 ball pythons
  5 bats (D:1)
  4 frilled lizards
  A goblin (D:1)
  3 kobolds
  2 rats
37 creatures vanquished.

Vanquished Creatures (others)
  8 plants (D:2)
8 creatures vanquished.

Grand Total: 45 creatures vanquished

Notes
Turn   | Place    | Note
-------+----------+-------------------------------------------
     0 | D:1      | Arum the Formicid Fighter began the quest for the Orb.
     0 | D:1      | Reached XP level 1. HP: 18/18 MP: 1/1
    85 | D:1      | Reached XP level 2. HP: 19/24 MP: 2/2
   236 | D:1      | Found Fuabiast's Antique Armour Shop.
   407 | D:1      | Reached XP level 3. HP: 29/29 MP: 3/3
   986 | D:2      | Reached XP level 4. HP: 29/37 MP: 4/4
  1067 | D:2      | Reached skill level 1 in Dodging
  1138 | D:2      | Noticed Sigmund
  1186 | D:2      | Slain by Sigmund

Illustrated notes

Levels and vault maps discovered:
D:1:      eino_arrival_cavern_b, layout_rooms, serial_shops,
          nicolae_shop_tiny_waterfront, serial_curves, eino_curves_02,
          eino_curves_01, minmay_misc_feat_alley
D:2:      layout_loops_ring, serial_forest, infiniplex_forest_clump_C,
          infiniplex_forest_lined_2, infiniplex_forest_clump_double,
          infiniplex_forest_lined_3, infiniplex_forest_end_2,
          infiniplex_forest_straight_3, infiniplex_forest_end_2,
          guppyfry_early_orc_mine, uniq_sigmund

Skill      XL: |  1  2  3  4 |
---------------+-------------+-----
Dodging        | 1 |  1.0
Fighting       | |  3.9
Staves         | |  2.7
Armour         | |  3.9
Shields        | |  4.0

Action                     |  1- 3 |  4- 6 || total
---------------------------+-------+-------++-------
  Melee: Quarterstaff      |   105 |    13 ||   118
Ability: Dig               |       |     1 ||     1
    Use: Potion            |       |     1 ||     1
 Armour: Scale mail        |    49 |     2 ||    51
  Dodge: Dodged            |    45 |     2 ||    47
  Block: Buckler           |    32 |     1 ||    33
